 Dungeon Crawl Stone Soup version 0.19.0-11-g3fc08b3 (webtiles) character file.

65193 inmateoo the Brawler (level 14, -4/127 HPs)
             Began as a Demonspawn Berserker on Nov 8, 2016.
             Was a Believer of Cheibriados.
             Slain by a deep troll (7 damage)
             ... created by the rage of Trog
             ... on level 2 of the Lair of Beasts.
             The game lasted 00:35:57 (19725 turns).

inmateoo the Brawler (Demonspawn Berserker)        Turns: 19725, Time: 00:35:58

Health: -4/127     AC: 11    Str: 28 (33) XL:     14   Next: 74%
Magic:  17/17      EV: 15    Int: 12      God:    Cheibriados [**....]
Gold:   1468       SH: 15    Dex: 25      Spells: 6 memorised, 5 levels left

rFire  + . .     SeeInvis .       - Unarmed
rCold  + . .     Gourm    .     j - +0 scale mail
rNeg   . . .     Faith    .     r - +3 buckler {AC+3}
rPois  +         Spirit   .     (helmet unavailable)
rElec  .         Reflect  +     (no cloak)
rCorr  .         Harm     .     (no gloves)
MR     +....                    (boots unavailable)
Stlth  +.........               E - +5 amulet of reflection
                                w - +5 ring of strength
                                b - +5 ring of dexterity

@: about to teleport, very slightly contaminated, invisible, very slow
A: claws 2, horns 3, talons 3, agile 1, cold resistance 1, fire resistance 1,
poison resistance, powered by death 1, robust 1, strong 1, flame cloud immunity,
MP-powered wands
a: Bend Time, Renounce Religion


You were on level 2 of the Lair of Beasts.
You worshipped Cheibriados.
Cheibriados was pleased with you.
You were not hungry.

You visited 2 branches of the dungeon, and saw 17 of its levels.
You also visited: Labyrinth, Sewer and Ice Cave.

You collected 1624 gold pieces.
You spent 156 gold pieces at shops.

Inventory:

Hand Weapons
 M - the +2 battleaxe of the Peculiar Dances {flame, Str-3 Dex+3 Stlth+}
   (You found it on level 12 of the Dungeon)

   It has been specially enchanted to burn those struck by it, causing extra
   injury to most foes and up to half again as much damage against particularly
   susceptible opponents.
   Big, fiery blades are also staple armaments of hydra-hunters.
   It affects your strength (-3).
   It affects your dexterity (+3).
   It makes you more stealthy.
Missiles
 z - 5 javelins of penetration (quivered)
Armour
 j - a +0 scale mail (worn)
 r - a +3 buckler of protection (worn)
 U - a +2 large shield of cold resistance
Jewellery
 b - a +5 ring of dexterity (left claw)
 i - a +6 ring of intelligence
 w - a +5 ring of strength (right claw)
 B - an uncursed amulet of regeneration
 E - a +5 amulet of reflection (around neck)
 Y - an uncursed ring of protection from cold
Wands
 d - a wand of iceblast (9/15)
 o - a wand of lightning (12/15)
 q - a wand of iceblast (8/15)
 T - a wand of disintegration (14/24)
Scrolls
 a - a scroll of silence
 e - 6 scrolls of identify
 l - 3 scrolls of remove curse
 m - 2 scrolls of enchant armour
 p - a scroll of fog
 s - 11 scrolls of recharging
 t - 4 scrolls of immolation
 x - 3 scrolls of teleportation
 L - 4 scrolls of fear
 X - a scroll of magic mapping
Potions
 g - 14 potions of curing
 k - 3 potions of magic
 n - 5 potions of might
 D - 5 potions of brilliance
 G - 4 potions of flight
 I - 2 potions of cure mutation
 N - a potion of heal wounds
 O - 3 potions of resistance
 R - 2 potions of agility
Comestibles
 c - 11 bread rations
 f - 7 chunks of flesh
 h - 9 meat rations
 J - 2 fruits


   Skills:
 + Level 12.7 Fighting
 - Level 3.2 Axes
 + Level 10.5 Armour
 - Level 5.0 Dodging
 + Level 6.4 Shields
 * Level 16.0 Unarmed Combat
 + Level 2.0 Spellcasting
 + Level 0.5 Translocations
 + Level 1.3 Invocations


You had 5 spell levels left.
You knew the following spells:

 Your Spells              Type           Power        Failure   Level  Hunger
a - Regeneration          Chrm/Necr      #.........   97%         3    ####...
b - Apportation           Tloc           #.........   38%         1    ##.....
c - Blink                 Tloc           N/A          65%         2    ###....
d - Shroud of Golubria    Chrm/Tloc      #.........   77%         2    ###....
e - Repel Missiles        Chrm/Air       #.....       77%         2    ###....
f - Song of Slaying       Chrm           #.......     77%         2    ###....


Dungeon Overview and Level Annotations

Branches:
Dungeon (15/15)            Temple (0/1) D:7            Lair (2/6) D:9
  Snake (0/4) Lair:2          Orc (0/2) D:10         Vaults (0/5) D:14
 Depths (0/5) D:15
  Swamp: Lair:2-4    Shoals: Lair:2-4

Altars:
Ashenzari
Cheibriados
Elyvilon
Fedhas
Gozag
Hepliaklqana
Kikubaaqudgha
Makhleb
Ru
Trog
Vehumet
Xom
Yredelemnul
Zin
The Shining One

Shops:
D:4 (   D:5 :   D:12 *   D:14 [:*


Innate Abilities, Weirdness & Mutations

You have very sharp fingernails.
You have a pair of large horns on your head.
You have claws for feet.
Your flesh is heat resistant. (rF+)
You regenerate a little health from kills.
You are immune to clouds of flame.
You are agile. (Dex +2)
Your flesh is cold resistant. (rC+)
Your system is resistant to poisons. (rPois)
You are robust. (+10% HP)
Your muscles are strong. (Str +2)
You expend magic power (3 MP) to strengthen your wands.


Message History

* * * LOW HITPOINT WARNING * * *
The polar bear rages.
You block the deep troll's attack. The deep troll misses you.
You block the deep troll's attack.
As you read the scroll of teleportation, it crumbles to dust.
You feel strangely unstable. The polar bear bites you!
* * * LOW HITPOINT WARNING * * *
The polar bear completely misses you. You block the polar bear's attack.
You block the deep troll's attack. x2; The deep troll claws you!
* * * LOW HITPOINT WARNING * * *
You block the polar bear's attack. The polar bear barely misses you.
The polar bear closely misses you.
You feel much better. The deep troll misses you. The deep troll claws you!!
* * * LOW HITPOINT WARNING * * *
You block the deep troll's attack. The troll barely misses you.
You block the troll's attack. The troll barely misses you.
The deep troll bites you!
* * * LOW HITPOINT WARNING * * *
The deep troll claws you!
You die...

#.P#.P...# #.........#
#........# #....<..###
#........###P.......#
#........#.##.......#
##........##.........#
#P........#..........#
#.........#..........+
##..........##..T....#
#........#P##.@.....#
####P.P########Th.#.#
##..# ###.h.#### #..#
#......P# ##.P
#.......# ...
#.+(....##


PPP ...#.....# ...... #.....+ #...# #$.....# You could see a deep troll
(berserk), 2 polar bears and a troll (berserk).

Vanquished Creatures
  2 frost giants
  Snorg (D:11)
  A minotaur (Lab)
  2 ogre magi (D:12)
  A death knight (D:15)
  2 hydras
  2 centaur warriors
  The ghost of Asilar the Cleaver, a novice MiBe of Trog (D:11)
  A tengu warrior (D:14)
  7 skeletal warriors
  9 unseen horrors
  Pikel (D:5)
  5 hill giants
  3 deep elf magi (D:14)
  6 ugly things
  6 cyclopes
  3 elephants (Lair:2)
  Joseph (Lair:1)
  2 black mambas (Lair:2)
  An ice statue (IceCv)
  5 spiny frogs
  A rime drake (Lair:2)
  2 komodo dragons (Lair:1)
  A yaktaur (D:15)
  A minotaur skeleton (Lab)
  A hornet (D:11)
  17 polar bears
  3 meliai (D:10)
  A two-headed ogre (D:15)
  7 trolls
  12 slime creatures
  3 hippogriffs
  A centaur simulacrum (D:15)
  3 wraiths
  2 redbacks (Lab)
  3 vampires
  A redback (shapeshifter) (D:15)
  4 wyverns
  34 yaks
  3 basilisks
  3 hungry ghosts
  4 vampire mosquitoes
  A human (shapeshifter) (D:13)
  A steam dragon (D:9)
  A soldier ant (D:15)
  14 water moccasins
  3 porcupines
  2 black bears
  3 slaves (D:5)
  The ghost of C0ssack the Vexing, an amateur SpEn (D:4)
  7 phantoms
  5 ice beasts
  7 orc warriors
  6 sky beasts
  8 ogres
  15 wolves
  24 centaurs
  2 crocodiles (D:9)
  A big kobold (D:7)
  An elf zombie (D:7)
  17 bullfrogs
  A gnoll sergeant (D:11)
  A hornet simulacrum (D:13)
  4 scorpions
  3 killer bees (D:9)
  7 wights
  6 howler monkeys
  2 electric eels (D:13)
  2 centaur zombies
  6 crimson imps
  A bullfrog zombie (D:12)
  A quasit (D:12)
  6 human zombies (D:7)
  A jelly (D:6)
  A gnoll shaman (D:10)
  3 hounds
  16 orc wizards
  10 orc priests
  2 bullfrog skeletons
  6 centaur skeletons
  A human skeleton (D:7)
  9 iguanas
  5 worker ants
  2 hound zombies
  4 hound skeletons
  3 mummies (D:7)
  3 worker ant zombies
  16 adders
  8 gnolls
  5 river rats
  4 shadow imps
  12 white imps (D:14)
  An adder skeleton (D:8)
  An adder zombie (D:6)
  A worm (D:2)
  3 dart slugs
  5 leopard geckos
  56 orcs
  17 ball pythons
  5 giant cockroaches
  2 gnoll zombies (D:6)
  2 goblins (D:2)
  13 hobgoblins
  12 jackals
  6 quokkas
  13 bats
  9 frilled lizards
  10 kobolds
  35 rats
630 creatures vanquished.

Vanquished Creatures (others)
  A centaur warrior (D:13)
  2 centaurs (D:12)
  A kobold (D:7)
  6 plants
10 creatures vanquished.

Grand Total: 640 creatures vanquished

Notes
Turn   | Place    | Note
-------+----------+-------------------------------------------
     0 | D:1      | inmateoo the Demonspawn Berserker began the quest for the Orb.
     0 | D:1      | Reached XP level 1. HP: 18/18 MP: 1/1
   259 | D:1      | Gained mutation: You have sharp toenails. [demonic ancestry]
   259 | D:1      | Reached XP level 2. HP: 20/24 MP: 2/2
   375 | D:1      | Reached skill level 1 in Unarmed Combat
   893 | D:1      | Reached XP level 3. HP: 29/29 MP: 3/3
  1094 | D:2      | Reached skill level 2 in Unarmed Combat
  1162 | D:2      | Reached ** piety under Trog
  1703 | D:2      | Noticed a bullfrog
  1703 | D:2      | Noticed an orc warrior
  1798 | D:2      | Gained mutation: You have a pair of small horns on your head. [demonic ancestry]
  1798 | D:2      | Reached XP level 4. HP: 28/35 MP: 4/4
  2198 | D:3      | Found a sacrificial altar of Ru.
  2213 | D:3      | Reached skill level 3 in Unarmed Combat
  2634 | D:3      | Reached XP level 5. HP: 39/41 MP: 5/5
  3046 | D:4      | Reached skill level 4 in Unarmed Combat
  3115 | D:4      | Reached *** piety under Trog
  3201 | D:4      | Found a blossoming altar of Fedhas.
  3202 | D:4      | Noticed C0ssack's ghost (amateur SpEn)
  3232 | D:5      | Entered Level 5 of the Dungeon
  3631 | D:5      | Noticed a centaur
  3641 | D:5      | Killed a centaur
  3641 | D:5      | Reached skill level 5 in Unarmed Combat
  3641 | D:5      | Gained mutation: You have sharp fingernails. [demonic ancestry]
  3641 | D:5      | Reached XP level 6. HP: 25/47 MP: 6/6
  3709 | D:5      | Found Epneusimim's Book Shoppe.
  3742 | D:5      | Noticed a slave
  3970 | D:4      | Found Vyprogh's Weapon Emporium.
  4027 | D:4      | Killed C0ssack's ghost
  4027 | D:4      | Reached skill level 6 in Unarmed Combat
  4145 | D:4      | Found a radiant altar of Vehumet.
  4167 | D:4      | Reached XP level 7. HP: 44/52 MP: 7/7
  4330 | D:4      | Found a hazy altar of Hepliaklqana.
  4874 | D:5      | Found a glowing silver altar of Zin.
  4874 | D:5      | Found a white marble altar of Elyvilon.
  4875 | D:5      | Found a glowing golden altar of the Shining One.
  5014 | D:5      | Reached skill level 7 in Unarmed Combat
  5043 | D:5      | Noticed a hungry ghost
  5055 | D:5      | Killed a hungry ghost
  5135 | D:5      | Noticed Pikel
  5147 | D:5      | Killed Pikel
  5147 | D:5      | Reached skill level 9 in Unarmed Combat
  5147 | D:5      | Reached XP level 8. HP: 58/58 MP: 8/8
  5511 | D:6      | Found a glowing drain.
  5522 | Sewer    | Entered a sewer
  5603 | Sewer    | Reached **** piety under Trog
  6227 | D:6      | Found a basalt altar of Yredelemnul.
  6270 | D:6      | Gained mutation: You have razor-sharp toenails. [demonic ancestry]
  6270 | D:6      | Reached XP level 9. HP: 61/66 MP: 9/9
  6517 | D:7      | Reached skill level 5 in Fighting
  6616 | D:7      | Found a bloodstained altar of Trog.
  6742 | D:7      | Found a snail-covered altar of Cheibriados.
  6764 | D:7      | Reached skill level 10 in Unarmed Combat
  6770 | D:7      | Found a staircase to the Ecumenical Temple.
  6807 | D:7      | Reached skill level 1 in Shields
  6996 | D:7      | Reached ***** piety under Trog
  7002 | D:7      | Found an ancient bone altar of Kikubaaqudgha.
  7125 | D:7      | Found a shimmering altar of Xom.
  7126 | D:7      | Found a burning altar of Makhleb.
  7128 | D:7      | Reached skill level 5 in Armour
  7445 | D:8      | Gained mutation: You have claws for feet. [demonic ancestry]
  7445 | D:8      | Reached XP level 10. HP: 67/76 MP: 10/10
  7502 | D:8      | Identified the Almanac of Earth
  7812 | D:8      | Gained mutation: You are agile. (Dex +2) [mutagenic meat]
  7813 | D:8      | Gained mutation: Your flesh is cold resistant. (rC+) [mutagenic meat]
  7814 | D:8      | Gained mutation: You are robust. (+10% HP) [mutagenic meat]
  7815 | D:8      | Gained mutation: You expend magic power (3 MP) to strengthen your wands. [mutagenic meat]
  7815 | D:8      | Gained mutation: Your muscles are strong. (Str +2) [potion of beneficial mutation]
  8159 | D:8      | Received a gift from Trog
  8664 | D:9      | Found a staircase to the Lair.
  8868 | D:9      | Gained mutation: You have a pair of horns on your head. [potion of beneficial mutation]
  8869 | D:9      | Gained mutation: You have a pair of large horns on your head. [potion of beneficial mutation]
  8982 | D:10     | Entered Level 10 of the Dungeon
  9001 | D:10     | Reached skill level 11 in Unarmed Combat
  9040 | D:10     | Reached skill level 5 in Shields
  9040 | D:10     | Gained mutation: Your flesh is heat resistant. (rF+) [demonic ancestry]
  9040 | D:10     | Reached XP level 11. HP: 69/94 MP: 11/11
  9136 | D:10     | Noticed a hill giant
  9140 | D:10     | Killed a hill giant
  9281 | D:10     | Received a gift from Trog
  9645 | D:10     | Found a staircase to the Orcish Mines.
  9930 | D:11     | Found an opulent altar of Gozag.
  9995 | D:11     | Noticed Asilar's ghost (novice MiBe)
 10009 | D:11     | Killed Asilar's ghost
 10009 | D:11     | Reached skill level 5 in Dodging
 10443 | D:11     | Noticed Snorg
 10450 | D:11     | Killed Snorg
 10665 | D:11     | Noticed a brown ugly thing
 10680 | D:11     | Killed a brown ugly thing
 10680 | D:11     | Reached skill level 12 in Unarmed Combat
 11307 | D:12     | Found Ekhlom's General Store.
 11309 | D:12     | Noticed a red ugly thing
 11317 | D:12     | Gained mutation: You regenerate a little health from kills. [demonic ancestry]
 11317 | D:12     | Reached XP level 12. HP: 53/105 MP: 12/12
 11644 | D:12     | Noticed an ogre mage
 11645 | D:12     | Noticed an ogre mage
 11656 | D:12     | Killed an ogre mage
 11661 | D:12     | Killed an ogre mage
 11722 | D:12     | Got a smoking battleaxe
 11729 | D:12     | Identified the +2 battleaxe of the Peculiar Dances {flame, Str-3 Dex+3 Stlth+} (You found it on level 12 of the Dungeon)
 11883 | D:12     | Bought a scroll of identify for 24 gold pieces
 11883 | D:12     | Bought a potion of might for 48 gold pieces
 11938 | D:12     | Noticed a seven-headed hydra
 11941 | D:12     | Killed a seven-headed hydra
 11941 | D:12     | Reached skill level 10 in Fighting
 12032 | D:12     | Received a gift from Trog
 12167 | D:12     | Reached skill level 13 in Unarmed Combat
 12512 | D:13     | Noticed a centaur warrior
 12522 | D:13     | Killed a centaur warrior
 12639 | D:13     | Received a gift from Trog
 12753 | D:13     | Noticed a centaur warrior
 12797 | D:13     | Killed a centaur warrior
 13000 | D:13     | Found a shattered altar of Ashenzari.
 13154 | D:14     | Found Sataateo's Food Shop.
 13202 | D:14     | Gained mutation: You are immune to clouds of flame. [demonic ancestry]
 13202 | D:14     | Reached XP level 13. HP: 115/115 MP: 13/13
 13207 | D:14     | Received a gift from Trog
 13213 | D:14     | Found Lataoc's Armour Emporium.
 13242 | D:14     | Found Fuhoqud's Book Shoppe.
 13263 | D:14     | Found Suin's General Store.
 13266 | D:14     | Bought a potion of agility for 48 gold pieces
 13266 | D:14     | Bought a potion of curing for 36 gold pieces
 13305 | D:14     | Found a frozen archway.
 13337 | IceCv    | Entered an ice cave
 13411 | IceCv    | Reached skill level 14 in Unarmed Combat
 13675 | IceCv    | Noticed a frost giant
 13690 | IceCv    | Killed a frost giant
 14185 | D:14     | Found a gate to the Vaults.
 14525 | D:15     | Entered Level 15 of the Dungeon
 14525 | D:15     | Found a labyrinth entrance.
 14530 | Lab      | Entered a labyrinth
 14977 | Lab      | Noticed a minotaur
 14983 | Lab      | Killed a minotaur
 15010 | Lab      | Gained mutation: Your system is resistant to poisons. (rPois) [potion of beneficial mutation]
 15293 | D:15     | Received a gift from Trog
 15531 | D:15     | Identified a scroll of acquirement
 15739 | D:15     | Reached skill level 15 in Unarmed Combat
 15847 | D:15     | Gained mutation: You have very sharp fingernails. [demonic ancestry]
 15847 | D:15     | Reached XP level 14. HP: 120/126 MP: 14/14
 16070 | D:15     | Noticed a frost giant
 16084 | D:15     | Killed a frost giant
 16084 | D:15     | Reached skill level 10 in Armour
 16182 | D:15     | Found a staircase to the Depths.
 17237 | D:13     | Was placed under penance by Trog
 17241 | D:13     | Learned a level 3 spell: Regeneration
 17290 | D:13     | Fell from the grace of Trog
 17293 | D:13     | Learned a level 1 spell: Apportation
 17296 | D:13     | Learned a level 2 spell: Blink
 17299 | D:13     | Learned a level 2 spell: Shroud of Golubria
 17302 | D:13     | Learned a level 2 spell: Repel Missiles
 18542 | D:7      | Became a worshipper of Cheibriados the Contemplative
 18589 | Lair:1   | Entered Level 1 of the Lair of Beasts
 18613 | Lair:1   | Paralysed by Trog for 2 turns
 18626 | Lair:1   | Learned a level 2 spell: Song of Slaying
 18749 | Lair:1   | Reached skill level 1 in Spellcasting
 18855 | Lair:1   | Reached * piety under Cheibriados
 18861 | Lair:1   | Noticed Joseph
 18874 | Lair:1   | Killed Joseph
 19287 | Lair:2   | Found a staircase to the Snake Pit.
 19371 | Lair:2   | Reached ** piety under Cheibriados
 19538 | Lair:2   | Reached skill level 1 in Invocations
 19670 | Lair:2   | Reached skill level 16 in Unarmed Combat
 19724 | Lair:2   | HP: 2/127 [deep troll[the rage of Trog] (14)]
 19725 | Lair:2   | Slain by a deep troll

Skill      XL: |  1  2  3  4  5  6  7  8  9 10 11 12 13 14 |
---------------+-------------------------------------------+-----
Axes           | 3 |  3.2
Unarmed Combat | 1 2 3 5 6 9 10 11 12 13 15 16 | 16.0
Armour         | 3 5 6 8 9 10 | 10.5
Fighting       | 4 6 7 9 10 12 | 12.7
Shields        | 3 5 6 |  6.4
Dodging        | 3 5 |  5.0
Spellcasting   | 2 |  2.0
Invocations    | 1 |  1.3
Translocations | |  0.5

Action                   |  1- 3 |  4- 6 |  7- 9 | 10-12 | 13-15 || total
-------------------------+-------+-------+-------+-------+-------++-------
Melee: Hand axe          |   146 |   122 |    45 |       |       ||   313
       Kick              |    24 |    43 |   130 |   257 |   287 ||   741
       Punch             |     1 |       |       |       |       ||     1
       Headbutt          |       |    22 |    95 |   181 |   187 ||   485
       Unarmed           |       |       |   389 |   622 |   573 ||  1584
Invok: Trog's Hand       |       |     3 |     1 |     6 |       ||    10
       Berserk           |       |     1 |     4 |     5 |     3 ||    13
       Renounce Religion |       |       |       |       |     1 ||     1
  Use: Potion            |       |     5 |       |     3 |     3 ||    11
       Scroll            |       |     4 |    17 |    10 |     6 ||    37
 Stab: Invisible         |       |       |       |       |     1 ||     1
  Eat: Chunk             |     3 |     9 |    15 |    26 |    13 ||    66
       Beef jerky        |       |       |     1 |     1 |     5 ||     7
       Pizza             |       |       |       |     1 |       ||     1
       Royal jelly       |       |       |       |     1 |       ||     1
       Fruit             |       |       |       |       |     3 ||     3
Armor: Animal skin       |     1 |       |       |       |       ||     1
       Scale mail        |    64 |    60 |   115 |   118 |   126 ||   483
Dodge: Dodged            |    90 |    37 |   116 |   188 |   239 ||   670
Block: Buckler           |       |    40 |   184 |   276 |   285 ||   785
       Reflection        |       |       |     2 |    25 |    11 ||    38
